Map: [TLMC15] Berlingrad

Players

Elazer

  • Race: Zerg Zerg

Zest - Winner!

  • Race: Protoss Protoss

Event: DreamHack SC2 Masters Last Chance 2022

VOD

Have the link to the VOD?

Description

Time

  • Played on: Jan. 11, 2022, noon
  • Length: 11:21

All games in this series

Show
View Real Time Build Order
Export as new Build Order

Elazer Zerg 

Build Orders: Hatch First 

Get SALT Encoding   

  12  0:00  Drone  
  13  0:12  Overlord  
  13  0:16  Drone  
  14  0:30  Drone x2  
  16  0:48  Hatchery  
  15  0:51  Drone  
  15  0:54  Drone  
  17  0:58  Drone  
  18  1:08  Extractor  
  17  1:14  Spawning Pool  
  17  1:17  Drone  
  17  1:21  Drone  
  18  1:29  Drone  
  19  1:39  Drone  
  20  1:51  Overlord  
  20  2:02  Queen x2  
  20  2:03  Zergling x2  
  20  2:04  Drone  
  26  2:12  Drone x2  
  26  2:13  Metabolic Boost  
  28  2:22  Drone x2  
  30  2:32  Drone x2  
  32  2:38  Queen  
  34  2:46  Drone  
  34  2:48  Overlord  
  35  2:53  Hatchery  
  34  2:58  Drone  
  34  2:59  Zergling x2  
  36  3:06  Queen  
  36  3:09  Drone  
  36  3:11  Drone x3  
  42  3:13  Drone  
  42  3:14  Drone  
  44  3:22  Overlord  
  44  3:28  Overlord  
  44  3:40  Drone, Queen  
  44  3:41  Drone x4  
  51  3:43  Spore Crawler  
  51  3:45  Drone x2  
  52  3:51  Zergling x10  
  52  3:55  Roach Warren  
  56  4:00  Overlord  
  56  4:08  Overlord  
  56  4:09  Zergling x2  
  58  4:10  Zergling x2  
  58  4:14  Zergling x8  
  58  4:16  Queen  
  62  4:18  Overlord  
  62  4:22  Spore Crawler  
  62  4:23  Zergling x4  
  63  4:29  Overlord  
  63  4:30  Drone  
  56  4:33  Drone x2  
  56  4:37  Drone  
  59  4:41  Overlord  
  59  4:44  Drone x2  
  60  4:48  Drone x2  
  60  4:51  Drone  
  60  4:52  Drone  
  63  4:54  Drone  
  63  4:58  Drone x3  
  65  5:02  Drone x2  
  67  5:08  Drone x3  
  67  5:10  Drone  
  67  5:11  Drone  
  72  5:15  Drone  
  72  5:18  Spore Crawler  
  72  5:19  Drone  
  73  5:23  Drone x4  
  77  5:28  Drone x2  
  77  5:31  Queen  
  77  5:33  Queen  
  77  5:35  Drone x2  
  84  5:38  Drone x2  
  84  5:39  Drone  
  88  5:42  Zergling x2  
  88  5:43  Zergling x4  
  88  5:46  Zergling x4  
  91  5:50  Zergling x2  
  91  5:54  Overlord  
  91  5:55  Zergling x6  
  91  5:56  Zergling x2  
  93  6:02  Overlord  
  93  6:04  Roach x2  
  96  6:12  Queen  
  96  6:15  Queen  
  96  6:17  Zergling x6  
  96  6:24  Zergling x10  
  96  6:25  Zergling x2  
  91  6:30  Zergling x2  
  89  6:35  Zergling x6  
  81  6:40  Zergling x4  
  75  6:51  Zergling x2  
  66  7:06  Zergling x8  
  59  7:18  Zergling x10  
  64  7:25  Zergling x4  
  64  7:27  Zergling x4  
  68  7:34  Overlord  
  68  7:36  Drone x3  
  71  7:42  Drone x3  
  73  7:49  Ravager  
  74  7:51  Roach  
  74  7:52  Roach x2  
  80  8:05  Roach  
  82  8:08  Extractor  
  82  8:09  Extractor  
  82  8:10  Drone x3  
  82  8:11  Hatchery  
  82  8:12  Drone  
  83  8:17  Ravager  
  83  8:18  Drone x3  
  87  8:22  Drone x2  
  89  8:27  Drone  
  89  8:29  Drone  
  89  8:32  Drone  
  91  8:37  Overlord  
  91  8:41  Overlord x2  
  91  8:51  Ravager  
  92  8:56  Ravager x2  
  87  9:03  Roach x5  
  87  9:07  Hatchery  
  95  9:14  Roach x2  
  95  9:15  Roach  
  98  9:22  Hatchery  
  98  9:24  Ravager, Zergling x8  
  98  9:30  Zergling x10  
  108  9:31  Ravager  
  108  9:40  Overlord  
  108  9:43  Ravager  
  108  9:44  Zergling x8  
  113  9:55  Ravager  
  113  9:57  Zergling x4  
  116  10:03  Lair  
  116  10:06  Zergling x4  
  118  10:12  Zergling x6  
  120  10:15  Drone  
  120  10:16  Drone  
  120  10:17  Evolution Chamber  
  120  10:22  Drone x4  
  125  10:35  Drone x2  
  125  10:36  Drone x2  
  125  10:39  Ravager x4  
  125  10:41  Zergling x2  
  125  10:42  Zergling x4  
  135  10:45  Zergling x2  
  135  10:47  Overlord x2  
Show
View Real Time Build Order
Export as new Build Order

Zest Protoss - Winner!

Build Orders: 1 Gate Expand, Oracle Opening 

Get SALT Encoding   

  12  0:00  Probe  
  13  0:12  Probe  
  14  0:20  Pylon  
  14  0:24  Probe  
  15  0:38  Probe (Chrono Boost)  
  15  0:40  Gateway  
  16  0:47  Probe (Chrono Boost)  
  17  0:50  Assimilator  
  17  0:52  Probe (Chrono Boost)  
  19  1:04  Probe  
  19  1:16  Probe  
  20  1:26  Nexus  
  20  1:37  Cybernetics Core  
  20  1:40  Probe  
  20  1:46  Assimilator  
  21  1:52  Probe  
  22  1:58  Pylon  
  22  2:04  Probe (Chrono Boost)  
  23  2:13  Warp Gate  
  23  2:16  Adept  
  23  2:17  Probe (Chrono Boost)  
  23  2:22  Probe (Chrono Boost)  
  26  2:26  Stargate  
  27  2:34  Probe (Chrono Boost)  
  28  2:40  Probe (Chrono Boost)  
  29  2:46  Stalker  
  33  2:51  Probe (Chrono Boost)  
  33  2:52  Probe (Chrono Boost)  
  33  2:56  Probe (Chrono Boost)  
  35  2:59  Probe (Chrono Boost)  
  35  3:03  Gateway  
  35  3:07  Probe  
  35  3:09  Oracle (Chrono Boost)  
  35  3:10  Probe  
  40  3:19  Probe  
  41  3:23  Probe, Pylon  
  42  3:31  Probe  
  43  3:35  Probe  
  43  3:38  Oracle (Chrono Boost)  
  43  3:41  Pylon  
  44  3:47  Probe x2  
  49  3:53  Pylon  
  49  4:02  Adept x2  
  53  4:03  Gateway  
  53  4:04  Gateway  
  53  4:14  Gateway  
  53  4:17  Gateway  
  53  4:19  Gateway  
  53  4:33  Probe x2  
  53  4:37  Pylon  
  53  4:38  Pylon  
  55  4:39  Adept x2  
  55  4:42  Pylon  
  59  4:46  Assimilator  
  59  4:49  Assimilator  
  59  4:52  Pylon  
  57  5:00  Void Ray (Chrono Boost)  
  57  5:06  Adept x4  
  61  5:13  Adept x2  
  69  5:15  Adept  
  71  5:25  Adept  
  73  5:29  Adept  
  73  5:30  Adept x2  
  73  5:31  Adept  
  81  5:36  Adept  
  81  5:38  Zealot  
  85  5:56  Adept  
  85  5:57  Adept x4  
  95  6:14  Adept x2  
  88  6:28  Probe  
  88  6:29  Probe  
  88  6:31  Twilight Council  
  86  6:33  Forge  
  82  6:40  Probe  
  82  6:41  Probe  
  84  6:52  Probe  
  84  6:53  Probe  
  82  6:59  Stalker x3  
  82  7:00  Stalker x4  
  94  7:02  Blink  
  94  7:04  Probe  
  94  7:05  Probe  
  90  7:13  Protoss Ground Weapons Level 1 (Chrono Boost)  
  88  7:16  Probe  
  89  7:26  Stalker x2  
  93  7:39  Pylon  
  93  7:41  Nexus  
  93  7:55  Sentry x3  
  93  7:58  Probe x2  
  101  8:04  Shield Battery  
  101  8:05  Photon Cannon  
  101  8:07  Pylon  
  101  8:08  Pylon  
  101  8:14  Pylon  
  101  8:20  Gateway x2  
  101  8:24  Pylon  
  101  8:28  Sentry x4  
  109  8:36  Stalker  
  109  8:40  Stalker  
  113  8:42  Protoss Shields Level 1 (Chrono Boost)  
  112  9:03  Stalker  
  112  9:04  Stalker x4  
  112  9:07  Adept  
  112  9:08  Warp Prism  
  121  9:14  Probe  
  121  9:15  Robotics Facility, Probe x2  
  124  9:19  Charge (Chrono Boost)  
  124  9:27  Probe  
  125  9:38  Stalker x3  
  131  9:48  Stalker x2, Zealot  
  131  9:49  Zealot x2  
  131  9:52  Pylon  
  141  9:54  Pylon  
  141  9:55  Pylon  
  141  9:57  Pylon  
  141  10:08  Warp Prism (Chrono Boost)  
  141  10:09  Pylon  
  143  10:23  Zealot x8  
  159  10:37  Observer  
  160  10:45  Stalker x5  
  160  10:46  Stalker x2, Zealot  
  154  11:08  Zealot x4  
  125  11:12  Zealot x4  

Tags
 
Add a new tag
Caveats
  • Supply blocks, unpowered buildings, or Contaminate may cause inaccurate times.
  • Supply counts are checked every 10 seconds.